 Dungeon Crawl Stone Soup version 0.28.0-53-g5a82cb258f (webtiles) character file.

Game seed: 14730957187747207825

67 themarg the Conjurer (level 4, -1/24 HPs)
             Began as a Tengu Conjurer on Sept 8, 2022.
             Slain by Natasha (6 damage)
             ... on level 2 of the Dungeon.
             The game lasted 00:03:49 (1592 turns).

themarg the Conjurer (Tengu Conjurer)               Turns: 1592, Time: 00:03:50

Health: -1/24      AC:  2    Str:  7    XL:     4   Next: 18%
Magic:  1/9        EV: 12    Int: 21    God:
Gold:   64         SH:  0    Dex: 12    Spells: 5/8 levels left

rFire   . . .      SeeInvis .   c - +0 short sword
rCold   . . .      Faith    .   (no shield)
rNeg    . . .      Spirit   .   a - +0 robe
rPois   .          Reflect  .   (helmet restricted)
rElec   .          Harm     .   (no cloak)
rCorr   .          Rampage  .   (no gloves)
Will    .....                   (boots unavailable)
Stlth   ++........              (no amulet)
HPRegen 0.08/turn               (no ring)
MPRegen 0.11/turn               (no ring)

@: slowed, very slow
A: beak, talons 3
a: no special abilities


You were on level 2 of the Dungeon.
You visited 1 branch of the dungeon, and saw 2 of its levels.

You collected 64 gold pieces.

Inventory:

Hand Weapons
 c - a +0 short sword (weapon)
Missiles
 g - 4 poisoned darts
Armour
 a - a +0 robe (worn)
Potions
 b - a potion of attraction {unknown}
 d - a potion of haste {unknown}
 e - 2 potions of heal wounds {unknown}
 f - a potion of degeneration {unknown}


   Skills:
 + Level 2.8 Dodging
 + Level 2.5 Stealth
 * Level 2.7 Spellcasting
 * Level 6.1 Conjurations


You had 5 spell levels left.
You knew the following spells:

 Your Spells              Type           Power      Damage    Failure   Level
a - Magic Dart            Conj           100%       1d8       1%          1
b - Searing Ray           Conj           56%        2d6       1%          2

Your spell library contained the following spells:

 Spells                   Type           Power      Damage    Failure   Level
 Dazzling Flash           Conj/Hex       30%        N/A       12%         3
 Fulminant Prism          Conj/Hex       7%         3d7       36%         4
 Iskenderun's Mystic Bla  Conj/Tloc      15%        2d5       36%         4
 Frozen Ramparts          Ice            4%         1d2       38%         3
 Ice Form                 Ice/Tmut       2%         N/A       80%         4
 Summon Ice Beast         Ice/Summ       2%         N/A       80%         4


Dungeon Overview and Level Annotations

Branches:
Dungeon (2/15)

Altars:
Yredelemnul

Annotations:
D:2 Natasha


Innate Abilities, Weirdness & Mutations

You have a beak for a mouth.
You have claws for feet.


Message History

You have reached level 4!
You feel clever.
The searing ray hits the ball python.
The ball python is heavily wounded.
The searing ray hits the ball python!
You kill the ball python!
You finish channelling your searing ray.
You start resting.
Natasha, Servant of Life and Death comes into view.
She is carrying a wand of flame (22).
Found a stone staircase leading down.
Natasha mumbles some strange words.
Natasha casts a spell at you.
You feel yourself slow down.
Casting: Searing Ray (safe; 1% risk of failure)
Confirm with . or Enter, or press ? or * to list all spells.
Aiming: Searing Ray (safe; 1% risk of failure)
Press: ? - help, Shift-Dir - straight line, f - Natasha
Aim: Natasha, carrying a wand of flame (22) (74% to hit)
The searing ray hits Natasha.
Natasha is lightly wounded. (Press . to maintain the ray.)
The searing ray hits the crimson imp!
The crimson imp is severely wounded.
The searing ray misses Natasha.
The crimson imp misses you.
Natasha growls.
Natasha barely misses you. The crimson imp hits you.
The searing ray hits Natasha.
Natasha is heavily wounded.
Natasha misses you.
The crimson imp hits you but does no damage.
The searing ray hits Natasha.
Natasha is almost dead.
You finish channelling your searing ray.
Natasha stares at you and mumbles some strange words.
The magic dart hits you!
* * * LOW HITPOINT WARNING * * *
The crimson imp hits you.
* * * LOW HITPOINT WARNING * * *
Natasha claws you.
You die...

#.............#
#^..........###
#...........#
#...........#
#...........#####
####............# #
#............# .###.
#............####......
#...........5@.........
########....h..........
#...........##+#
####..._..#.#
#....).#>.. #......#
### #...#### #####


You could see Natasha and a crimson imp (summoned).

Vanquished Creatures
  Natasha (D:2)
  A worm (D:2)
  2 dart slugs (D:1)
  4 ball pythons
  A bat (D:1)
  5 endoplasms (D:1)
  4 giant cockroaches
  2 goblins (D:1)
  5 hobgoblins
  3 jackals
  A quokka (D:1)
  A kobold (D:1)
  2 rats (D:1)
32 creatures vanquished.

Notes
Turn   | Place    | Note
-------+----------+-------------------------------------------
     0 | D:1      | themarg the Tengu Conjurer began the quest for the Orb.
     0 | D:1      | Reached XP level 1. HP: 10/10 MP: 4/4
   238 | D:1      | Reached XP level 2. HP: 15/15 MP: 4/6
   241 | D:1      | Learned a level 2 spell: Searing Ray
   756 | D:1      | Reached XP level 3. HP: 19/19 MP: 4/7
  1551 | D:2      | Found a basalt altar of Yredelemnul.
  1553 | D:2      | Noticed Natasha
  1559 | D:2      | Killed Natasha
  1560 | D:2      | Reached skill level 6 in Conjurations
  1560 | D:2      | Reached XP level 4. HP: 15/24 MP: 4/9
  1583 | D:2      | Noticed Natasha
  1592 | D:2      | Slain by Natasha

Illustrated notes

Levels and vault maps discovered:
D:1:      minmay_arrival_split_and_join, layout_basic
D:2:      layout_basic, serial_shops, shop, serial_glass, glass_columns_a,
          glass_columns_a, glass_columns_c, item_on_display_b,
          due_unseen_surprise, basic_altar, uniq_crazy_yiuf_cottage,
          uniq_natasha

Skill      XL: |  1  2  3 |
---------------+----------+-----
Conjurations   | 6 |  6.1
Dodging        | |  2.8
Stealth        | |  2.5
Spellcasting   | |  2.7

Action                   |  1- 3 |  4- 6 || total
-------------------------+-------+-------++-------
 Cast: Magic Dart        |    47 |       ||    47
       Searing Ray       |     7 |     1 ||     8
Armor: Robe              |     1 |     1 ||     2
Dodge: Dodged            |     3 |     3 ||     6
